UAA
FT. POLK SOUTH THUNDER HAWKS @ SANTA BARBARA STREAK
07/01/2017
 
TOP OF THE 1ST
Tacoma Fur Traders batting - Pitching for Huntington Beach Surf : RHP Jim Unknown
Pitching: RHP Jim Unknown
Batting: RHB Brett Robinson 0-0: Ball
1-0: Called Strike
1-1: Fly out, F9 (Line Drive, 89M)
Batting: RHB Gonzalo Manuel 0-0: Ball
1-0: Swinging Strike
1-1: SOLO HOME RUN (Line Drive, 7D), Distance : 381 ft
Batting: RHB Bernalldo Bessa 0-0: Called Strike
0-1: Foul Ball, location: 2F
0-2: Foul Ball, location: 2F
0-2: Fly out, F5 (Popup, 5SF)
Batting: LHB Carl Nash 0-0: Foul Ball, location: 2F
0-1: Ball
1-1: Swinging Strike
1-2: Ground out U3 (Groundball, 3)
Top of the 1st over - 1 run(s), 1 hit(s), 0 error(s), 0 left on base; Tacoma 1 - Huntington Beach 0
BOTTOM OF THE 1ST
Huntington Beach Surf batting - Pitching for Tacoma Fur Traders : RHP Jim Unknown
Pitching: RHP Jim Unknown
Batting: RHB Warner Robinson 0-0: Called Strike
0-1: Fly out, F7 (Flyball, 7LS)
Batting: RHB Pedro Morales 0-0: Ball
1-0: Ball
2-0: Ball
3-0: Called Strike
3-1: Fly out, F7 (Flyball, 7M)
Batting: LHB Mito Rin 0-0: Ball
1-0: Ball
2-0: Swinging Strike
2-1: SINGLE (Groundball, 6D)
Batting: RHB Rafael Abreu 0-0: Swinging Strike
0-1: Ball
1-1: Called Strike
1-2: Strikes out swinging
Bottom of the 1st over - 0 run(s), 1 hit(s), 0 error(s), 1 left on base; Tacoma 1 - Huntington Beach 0
TOP OF THE 2ND
Tacoma Fur Traders batting - Pitching for Huntington Beach Surf : RHP Jim Unknown
Batting: RHB Rex Long 0-0: Called Strike
0-1: Ball
1-1: SINGLE (Groundball, 6MD)
Batting: RHB Mark Allen 0-0: Ball
1-0: SINGLE (Groundball, 6)
Rex Long to second
Batting: LHB Mike Gardner 0-0: Called Strike
0-1: Foul Ball, location: 2F
0-2: Ball
1-2: Grounds into double play, U4-3 (Groundball, 4)
Rex Long to third
Batting: RHB Hiwahikeiki Noelani 0-0: Ball
1-0: Called Strike
1-1: Ball
2-1: Ball
3-1: Base on Balls
Batting: RHB Joe Craig 0-0: Ground out 4-3 (Groundball, 4)
Top of the 2nd over - 0 run(s), 2 hit(s), 0 error(s), 2 left on base; Tacoma 1 - Huntington Beach 0
BOTTOM OF THE 2ND
Huntington Beach Surf batting - Pitching for Tacoma Fur Traders : RHP Jim Unknown
Batting: RHB Dave Young 0-0: Foul Ball, location: 2F
0-1: Fly out, F4 (Line Drive, 4)
Batting: RHB Juan García 0-0: Ball
1-0: SINGLE (Line Drive, 78M)
Batting: RHB Barry Martínez 0-0: Called Strike
0-1: Fly out, F8 (Flyball, 89D)
Batting: LHB Vince Gilhespie 0-0: Ball
1-0: Called Strike
1-1: Fly out, F9 (Flyball, 89M)
Bottom of the 2nd over - 0 run(s), 1 hit(s), 0 error(s), 1 left on base; Tacoma 1 - Huntington Beach 0
TOP OF THE 3RD
Tacoma Fur Traders batting - Pitching for Huntington Beach Surf : RHP Jim Unknown
Batting: RHB Brett Robinson 0-0: Called Strike
0-1: Ball
1-1: Fly out, F9 (Flyball, 89M)
Batting: RHB Gonzalo Manuel 0-0: Ball
1-0: Foul Ball, location: 2F
1-1: Foul Ball, location: 2F
1-2: Ball
2-2: Reached on error, E5 (Groundball, 56)
Batting: RHB Bernalldo Bessa 0-0: Foul Ball, location: 2F
0-1: Ball
1-1: Ball
2-1: DOUBLE (Line Drive, 3L)
Gonzalo Manuel to third
Batting: LHB Carl Nash 0-0: Foul Ball, location: 2F
0-1: Ground out 4-3 (Groundball, 4S)
Gonzalo Manuel scores
Bernalldo Bessa to third
Batting: RHB Rex Long 0-0: Swinging Strike
0-1: Foul Ball, location: 2F
0-2: Ball
1-2: DOUBLE (Line Drive, 78M)
Bernalldo Bessa scores
Batting: RHB Mark Allen 0-0: Ball
1-0: Called Strike
1-1: Ground out 1-3 (Groundball, 15S)
Top of the 3rd over - 2 run(s), 2 hit(s), 1 error(s), 1 left on base; Tacoma 3 - Huntington Beach 0
BOTTOM OF THE 3RD
Huntington Beach Surf batting - Pitching for Tacoma Fur Traders : RHP Jim Unknown
Batting: RHB Shaun Bowles 0-0: Foul Ball, location: 2F
0-1: Fly out, F8 (Flyball, 89S)
Batting: RHB Warner Robinson 0-0: Ball
1-0: Foul Ball, location: 2F
1-1: Ball
2-1: Foul Ball, location: 2F
2-2: Foul Ball, location: 2F
2-2: Fly out, F6 (Line Drive, 6)
Batting: RHB Pedro Morales 0-0: Called Strike
0-1: Ground out 6-3 (Groundball, 6M)
Bottom of the 3rd over - 0 run(s), 0 hit(s), 0 error(s), 0 left on base; Tacoma 3 - Huntington Beach 0
TOP OF THE 4TH
Tacoma Fur Traders batting - Pitching for Huntington Beach Surf : RHP Jim Unknown
Batting: LHB Mike Gardner 0-0: Ball
1-0: Ground out 6-3 (Groundball, 6)
Batting: RHB Hiwahikeiki Noelani 0-0: Ball
1-0: Foul Ball, location: 2F
1-1: Called Strike
1-2: Ball
2-2: SINGLE (Line Drive, 9S)
Batting: RHB Joe Craig 0-0: TRIPLE (Line Drive, 78M)
Hiwahikeiki Noelani scores
Batting: RHB Brett Robinson 0-0: Ball
1-0: Foul Ball, location: 2F
1-1: Foul Ball, location: 2F
1-2: Reached on error, E6 (Groundball, 6)
Joe Craig scores
Batting: RHB Gonzalo Manuel 0-0: Called Strike
0-1: Foul Ball, location: 2F
0-2: Strikes out looking
Batting: RHB Bernalldo Bessa 0-0: Ball
1-0: Foul Ball, location: 2F
1-1: Ball
Brett Robinson is caught stealing 2nd base
Top of the 4th over - 2 run(s), 2 hit(s), 1 error(s), 0 left on base; Tacoma 5 - Huntington Beach 0
BOTTOM OF THE 4TH
Huntington Beach Surf batting - Pitching for Tacoma Fur Traders : RHP Jim Unknown
Batting: LHB Mito Rin 0-0: Foul Ball, location: 2F
0-1: Called Strike
0-2: Ball
1-2: Fly out, F7 (Line Drive, 7M)
Batting: RHB Rafael Abreu 0-0: Ball
1-0: Called Strike
1-1: Foul Ball, location: 2F
1-2: Ball
2-2: Ground out 6-3 (Groundball, 6)
Batting: RHB Dave Young 0-0: Ball
1-0: Called Strike
1-1: Ball
2-1: Foul Ball, location: 2F
2-2: Ball
3-2: Foul Ball, location: 2F
3-2: SINGLE (Groundball, 34D)
Batting: RHB Juan García 0-0: Ball
1-0: Ball
2-0: Ball
3-0: Foul Ball, location: 2F
3-1: Foul Ball, location: 2F
3-2: Fly out, F9 (Flyball, 89M)
Bottom of the 4th over - 0 run(s), 1 hit(s), 0 error(s), 1 left on base; Tacoma 5 - Huntington Beach 0
TOP OF THE 5TH
Tacoma Fur Traders batting - Pitching for Huntington Beach Surf : RHP Jim Unknown
Batting: RHB Bernalldo Bessa 0-0: Called Strike
0-1: Called Strike
0-2: Ball
1-2: Strikes out swinging
Batting: LHB Carl Nash 0-0: Ball
1-0: Fly out, F7 (Flyball, 7M)
Batting: RHB Rex Long 0-0: DOUBLE (Line Drive, 7LM)
Batting: RHB Mark Allen 0-0: Ball
1-0: Foul Ball, location: 2F
1-1: Swinging Strike
1-2: Strikes out looking
Top of the 5th over - 0 run(s), 1 hit(s), 0 error(s), 1 left on base; Tacoma 5 - Huntington Beach 0
BOTTOM OF THE 5TH
Huntington Beach Surf batting - Pitching for Tacoma Fur Traders : RHP Jim Unknown
Batting: RHB Barry Martínez 0-0: Called Strike
0-1: Foul Ball, location: 2F
0-2: Ball
1-2: Ball
2-2: Fly out, F3 (Popup, 3DF)
Batting: LHB Vince Gilhespie 0-0: Ball
1-0: Called Strike
1-1: Foul Ball, location: 2F
1-2: Foul Ball, location: 2F
1-2: Ball
2-2: Foul Ball, location: 2F
2-2: SINGLE (Groundball, 6MD) (infield hit)
Batting: RHB Shaun Bowles 0-0: Ball
Vince Gilhespie steals 2nd base
1-0: Ball
2-0: Fly out, F9 (Flyball, 89S)
Batting: RHB Warner Robinson 0-0: SINGLE (Groundball, 3)
Vince Gilhespie to third
Batting: RHB Pedro Morales 0-0: Called Strike
0-1: Foul Ball, location: 2F
0-2: Ball
1-2: Strikes out looking
Bottom of the 5th over - 0 run(s), 2 hit(s), 0 error(s), 2 left on base; Tacoma 5 - Huntington Beach 0
TOP OF THE 6TH
Tacoma Fur Traders batting - Pitching for Huntington Beach Surf : RHP Jim Unknown
Batting: LHB Mike Gardner 0-0: Called Strike
0-1: Ball
1-1: Fly out, F8 (Flyball, 8RXD)
Batting: RHB Hiwahikeiki Noelani 0-0: Called Strike
0-1: Swinging Strike
0-2: Strikes out swinging
Batting: RHB Joe Craig 0-0: Called Strike
0-1: Ball
1-1: Foul Ball, location: 2F
1-2: Strikes out looking
Top of the 6th over - 0 run(s), 0 hit(s), 0 error(s), 0 left on base; Tacoma 5 - Huntington Beach 0
BOTTOM OF THE 6TH
Huntington Beach Surf batting - Pitching for Tacoma Fur Traders : RHP Jim Unknown
Batting: LHB Mito Rin 0-0: Ball
1-0: Ball
2-0: SINGLE (Line Drive, 8RS)
Batting: RHB Rafael Abreu 0-0: Called Strike
0-1: Ball
1-1: Ball
2-1: Called Strike
2-2: SINGLE (Line Drive, 6M)
Mito Rin to second
Batting: RHB Dave Young 0-0: Ball
1-0: Ground out 5-3 (Groundball, 5S)
Mito Rin to third
Rafael Abreu to second
Batting: RHB Juan García 0-0: Ball
1-0: Swinging Strike
1-1: SINGLE (Groundball, 6) (infield hit)
Mito Rin scores
Rafael Abreu to third
Batting: RHB Barry Martínez 0-0: Called Strike
0-1: Called Strike
0-2: Ball
1-2: Foul Ball, location: 2F
1-2: Foul Ball, location: 2F
1-2: Ball
2-2: Strikes out looking
Batting: LHB Vince Gilhespie 0-0: Ball
1-0: Fly out, F3 (Popup, 3DF)
Bottom of the 6th over - 1 run(s), 3 hit(s), 0 error(s), 2 left on base; Tacoma 5 - Huntington Beach 1
TOP OF THE 7TH
Tacoma Fur Traders batting - Pitching for Huntington Beach Surf : RHP Jim Unknown
Batting: RHB Brett Robinson 0-0: Called Strike
0-1: Ball
1-1: Swinging Strike
1-2: Ground out 6-3 (Groundball, 6)
Batting: RHB Gonzalo Manuel 0-0: Called Strike
0-1: Ball
1-1: Foul Ball, location: 2F
1-2: SINGLE (Groundball, 6MD) (infield hit)
Batting: RHB Bernalldo Bessa 0-0: Called Strike
0-1: Ball
1-1: Swinging Strike
1-2: Ball
2-2: Strikes out looking
Batting: LHB Carl Nash 0-0: Ball
1-0: Called Strike
1-1: Ground out 4-3 (Groundball, 34)
Top of the 7th over - 0 run(s), 1 hit(s), 0 error(s), 1 left on base; Tacoma 5 - Huntington Beach 1
BOTTOM OF THE 7TH
Huntington Beach Surf batting - Pitching for Tacoma Fur Traders : RHP Jim Unknown
Batting: RHB Shaun Bowles 0-0: Called Strike
0-1: Ball
1-1: Foul Ball, location: 2F
1-2: Strikes out looking
Batting: RHB Warner Robinson 0-0: Ball
1-0: Ball
2-0: Called Strike
2-1: Foul Ball, location: 2F
2-2: Ball
3-2: SINGLE (Groundball, 34D)
Pitching: RHP Howard Ritchie
Batting: RHB Pedro Morales 0-0: Ball
1-0: Grounds into double play, 5-4-3 (Groundball, 5)
Bottom of the 7th over - 0 run(s), 1 hit(s), 0 error(s), 0 left on base; Tacoma 5 - Huntington Beach 1
TOP OF THE 8TH
Tacoma Fur Traders batting - Pitching for Huntington Beach Surf : RHP Jim Unknown
Pitching: RHP Wallace Elgie
Batting: RHB Rex Long 0-0: SINGLE (Groundball, 56D)
Batting: RHB Mark Allen 0-0: Ball
1-0: Fly out, F7 (Flyball, 7M)
Batting: LHB Mike Gardner 0-0: Ball
1-0: Ball
2-0: Foul Ball, location: 2F
2-1: Ball
3-1: Foul Ball, location: 2F
3-2: Base on Balls
Rex Long to second
Batting: RHB Hiwahikeiki Noelani 0-0: Ball
1-0: Swinging Strike
1-1: Ball
2-1: Ball
3-1: Base on Balls
Rex Long to third
Mike Gardner to second
Batting: RHB Joe Craig 0-0: Ball
1-0: Ball
2-0: Called Strike
2-1: Fly out, F9 (Flyball, 89M)
Runner from 3rd tags up, SCORES, throw made
Batting: RHB Brett Robinson 0-0: Ball
1-0: Foul Ball, location: 2F
1-1: Swinging Strike
1-2: Hit by Pitch
Mike Gardner to third
Hiwahikeiki Noelani to second
Batting: RHB Gonzalo Manuel 0-0: Ball
1-0: Called Strike
1-1: Ball
2-1: Foul Ball, location: 2F
Single, Error in OF, E9, batter to second base
Mike Gardner scores
Hiwahikeiki Noelani scores
Brett Robinson to third
Batting: RHB Bernalldo Bessa 0-0: Called Strike
0-1: Ball
1-1: Ball
2-1: Ball
3-1: Base on Balls
Pitching: LHP Terry Dwyer
Batting: LHB Carl Nash 0-0: Called Strike
0-1: Fly out, F9 (Line Drive, 89M)
Top of the 8th over - 3 run(s), 2 hit(s), 1 error(s), 3 left on base; Tacoma 8 - Huntington Beach 1
BOTTOM OF THE 8TH
Huntington Beach Surf batting - Pitching for Tacoma Fur Traders : RHP Howard Ritchie
Batting: LHB Mito Rin 0-0: Called Strike
0-1: Foul Ball, location: 2F
0-2: Strikes out swinging
Batting: RHB Rafael Abreu 0-0: Swinging Strike
0-1: Ball
1-1: Ball
2-1: Ground out 1-3 (Groundball, 13S)
Batting: RHB Dave Young 0-0: Foul Ball, location: 2F
0-1: SINGLE (Groundball, 25) (infield hit)
Batting: RHB Juan García 0-0: Ball
1-0: TRIPLE (Line Drive, 89M)
Dave Young scores
Batting: RHB Barry Martínez 0-0: Ball
1-0: Foul Ball, location: 2F
1-1: Foul Ball, location: 2F
1-2: Foul Ball, location: 2F
1-2: Foul Ball, location: 2F
1-2: Foul Ball, location: 2F
1-2: SINGLE (Flyball, 6MD)
Juan García scores
Batting: LHB Vince Gilhespie 0-0: Ball
1-0: Swinging Strike
1-1: SINGLE (Line Drive, 4MD)
Barry Martínez to second
Batting: RHB Shaun Bowles 0-0: Foul Ball, location: 2F
0-1: Ball
1-1: Swinging Strike
1-2: Ground out 6-3 (Groundball, 6)
Bottom of the 8th over - 2 run(s), 4 hit(s), 0 error(s), 2 left on base; Tacoma 8 - Huntington Beach 3
TOP OF THE 9TH
Tacoma Fur Traders batting - Pitching for Huntington Beach Surf : LHP Terry Dwyer
Batting: RHB Rex Long 0-0: Ball
1-0: Ground out 5-3 (Groundball, 5)
Batting: RHB Mark Allen 0-0: Called Strike
0-1: Swinging Strike
0-2: SINGLE (Line Drive, 8LS)
Batting: LHB Mike Gardner 0-0: Ball
1-0: Foul Ball, location: 2F
1-1: Ball
2-1: Foul Ball, location: 2F
2-2: Strikes out swinging
Batting: RHB Hiwahikeiki Noelani 0-0: Ball
1-0: Ball
2-0: Swinging Strike
2-1: Swinging Strike
2-2: Fielders Choice at 2nd, 6-4 (Groundball, 6)
Top of the 9th over - 0 run(s), 1 hit(s), 0 error(s), 0 left on base; Tacoma 8 - Huntington Beach 3
BOTTOM OF THE 9TH
Huntington Beach Surf batting - Pitching for Tacoma Fur Traders : RHP Howard Ritchie
Pitching: RHP Bruce Hamilton
Batting: RHB Warner Robinson 0-0: Called Strike
0-1: Foul Ball, location: 2F
Single, Error in OF, E7, batter to second base
Batting: RHB Pedro Morales 0-0: Foul Ball, location: 2F
0-1: Foul Ball, location: 2F
0-2: Ball
1-2: Foul Ball, location: 2F
1-2: Foul Ball, location: 2F
1-2: Ball
2-2: Ground out 6-3 (Groundball, 6M)
Warner Robinson to third
Batting: LHB Mito Rin 0-0: Ball
1-0: Called Strike
1-1: Foul Ball, location: 2F
1-2: Ball
2-2: SINGLE (Line Drive, 6M)
Warner Robinson scores
Batting: RHB Rafael Abreu 0-0: Swinging Strike
0-1: Grounds into double play, 5-4-3 (Groundball, 56)
Bottom of the 9th over - 1 run(s), 2 hit(s), 1 error(s), 0 left on base; Tacoma 8 - Huntington Beach 4
This league is powered by Out of the Park Baseball, the baseball management simulation game for PC, Mac and Linux
Saturday, February 27th, 2021 - OOTP Baseball 15.6 Build 34